 Dungeon Crawl Stone Soup version 0.29.1-2-gbd0b4ee654 (webtiles) character file.

Game seed: 12814749631478529831

13 Sabo the Chopper (level 2, 22/22 HPs)
             Began as a Demonspawn Gladiator on Nov 20, 2022.
             Was a Follower of Wu Jian.
             Got out of the dungeon alive.
             The game lasted 00:05:13 (947 turns).

Sabo the Chopper (Demonspawn Gladiator)              Turns: 947, Time: 00:05:14

Health: 22/22      AC:  7    Str: 14    XL:     2   Next: 24%
Magic:  2/2        EV: 11    Int:  9    God:    Wu Jian [*.....]
Gold:   33         SH:  0    Dex: 16    Spells: 1/1 levels left

rFire   . . .      SeeInvis .   a - +0 war axe
rCold   . . .      Faith    .   (no shield)
rNeg    . . .      Spirit   .   h - +0 ring mail
rPois   .          Reflect  .   c - +0 helmet
rElec   .          Harm     .   k - +0 cloak
rCorr   .          Rampage  .   (no gloves)
Will    .....                   (no boots)
Stlth   ++........              (no amulet)
HPRegen 0.07/turn               (no ring)
MPRegen 0.08/turn               (no ring)

@: no status effects
A: thin skeletal structure 1
a: Renounce Religion


You escaped.
You worshipped Wu Jian.
Wu Jian was aware of your devotion.
You visited 1 branch of the dungeon, and saw 1 of its levels.

You collected 33 gold pieces.

Inventory:

Hand Weapons
 a - a +0 war axe (weapon)
 g - a +0 sling
Missiles
 d - 3 throwing nets (quivered)
 e - a javelin
Armour
 c - a +0 helmet (worn)
 h - a +0 ring mail (worn)
 k - a +0 cloak (worn)
Jewellery
 l - a ring of fire
Scrolls
 f - a scroll of torment {unknown}
Potions
 b - a potion of mutation {unknown}
 i - a potion of cancellation {unknown}
 j - a potion of flight {unknown}


   Skills:
 + Level 2.0 Fighting
 + Level 3.1 Axes
 + Level 1.7 Throwing
 + Level 2.9 Dodging


You had one spell level left.
You didn't know any spells.
Your spell library was empty.

Dungeon Overview and Level Annotations

Branches:
Dungeon (1/15)

Altars:
Wu Jian


Innate Abilities, Weirdness & Mutations

You have a somewhat thin skeletal structure. (Dex +2, Stealth+)


Message History

A ball python comes into view.
Found a glass ring.
You lunge at the ball python.
You closely miss the ball python.
The ball python bites you but does no damage.
The ball python completely misses you.
You barely miss the ball python. The ball python closely misses you.
The ball python grabs you. The ball python constricts you.
You hit the ball python.
You kill the ball python!
The Council accepts your kill.
You see here a +0 cloak.
You lunge at the quokka, but your attack speed is too slow for a blow to land.
The quokka barely misses you.
You hit the quokka.
The quokka is heavily wounded.
The quokka barely misses you. x2
You closely miss the quokka.
The quokka is heavily wounded.
The quokka barely misses you.
You completely miss the quokka.
The quokka is heavily wounded.
The quokka barely misses you. The quokka bites you.
You slash the quokka!
You kill the quokka!
The Council accepts your kill.
You start resting.
HP restored.
You now have 33 gold pieces (gained 9).
You see here a +0 cloak.
k - a +0 cloak You start putting on your armour.
You continue putting on your +0 cloak. x4
You finish putting on your +0 cloak.
l - a ring of fire A rat comes into view.
You lunge at the rat.
You hit the rat.
You kill the rat!
The Council accepts your kill.
There is a staircase leading out of the dungeon here.
Are you sure you want to leave the Dungeon?
This will make you lose the game!
You have escaped!

#####.##.#...#.#.#.#..#.# #.#
#.##.#####.#.#.#.##.####.####
#..#.[.....#.#.#....#........
##.#######.#.#.######.##.####
#....................##.####
###.##############.#.......#
#...#..........#.#.##.##.#
#.#.#.########.#.#........
#.#.#....@...#.#.#..#.##.#
#.#.########.#.#.#..#.##.#
#.#..........#...#....##.#
##################..#.##.#
#.......# #########


There were no monsters in sight!

Vanquished Creatures
  A ball python (D:1)
  2 bats (D:1)
  A giant cockroach (D:1)
  A hobgoblin (D:1)
  A kobold (D:1)
  2 quokkas (D:1)
  3 rats (D:1)
11 creatures vanquished.

Notes
Turn   | Place    | Note
-------+----------+-------------------------------------------
     0 | D:1      | Sabo the Demonspawn Gladiator began the quest for the Orb.
     0 | D:1      | Reached XP level 1. HP: 16/16 MP: 1/1
   455 | D:1      | Reached skill level 3 in Axes
   487 | D:1      | Found a faded altar of an unknown god.
   501 | D:1      | Gained mutation: You have a somewhat thin skeletal
                  | structure. (Dex +2, Stealth+) [demonic ancestry]
   501 | D:1      | Reached XP level 2. HP: 15/22 MP: 2/2
   600 | D:1      | Prayed at the altar of an unknown god.
   600 | D:1      | Became a worshipper of the Wu Jian Council
   600 | D:1      | Reached * piety under Wu Jian
   947 | D:$      | Got out of the dungeon alive.

Illustrated notes

Levels and vault maps discovered:
D:1:      matt_arrival_spirals, layout_basic,
          shapermc_ecumenical_altar_notcrosses

Skill      XL: |  1 |
---------------+----+-----
Axes           | 3 |  3.1
Fighting       | |  2.0
Throwing       | |  1.7
Dodging        | |  2.9

Action                   || total
-------------------------++-------
Melee: War axe           ||    33
Invok: Lunge             ||     2
Armor: Ring mail         ||    17
       Leather armour    ||     3
Dodge: Dodged            ||    30
